 Dungeon Crawl Stone Soup version 0.29.1-1-gd02db6906a (webtiles) character file.

Game seed: 11604026387429448016

1071 AlexRAT the Chopper (level 8, 0/71 HPs)
             Began as a Minotaur Berserker on Oct 12, 2022.
             Was a Priest of Trog.
             Slain by an orc
             ... wielding a +0 trident
              (5 damage)
             ... on level 6 of the Dungeon.
             The game lasted 00:06:04 (5191 turns).

AlexRAT the Chopper (Minotaur Berserker)            Turns: 5191, Time: 00:06:04

Health: 0/71       AC:  9    Str: 30    XL:     8   Next: 7%
Magic:  7/7        EV: 12    Int:  4    God:    Trog [***...]
Gold:   235        SH:  0    Dex: 10    Spells: 7/7 levels left

rFire   . . .      SeeInvis +   i - +1 whip (venom)
rCold   . . .      Faith    .   (no shield)
rNeg    + . .      Spirit   .   u - +1 ring mail {rN+}
rPois   .          Reflect  .   m - +1 hat {SInv}
rElec   .          Harm     .   t - +0 cloak
rCorr   .          Rampage  .   (no gloves)
Will    ++...                   (no boots)
Stlth   ..........              (no amulet)
HPRegen 1.21/turn               l - +6 ring of strength
MPRegen 0.10/turn               (no ring)

@: strong-willed, regenerating
A: horns 2, retaliatory headbutt
a: Renounce Religion, Berserk, Trog's Hand


You were on level 6 of the Dungeon.
You worshipped Trog.
Trog was most pleased with you.
You visited 1 branch of the dungeon, and saw 6 of its levels.

You collected 235 gold pieces.

Inventory:

Hand Weapons
 a - a +0 hand axe
 i - a +1 whip of venom (weapon)
Armour
 m - a +1 hat of see invisible (worn)
 t - a +0 cloak (worn)
 u - a +1 ring mail of positive energy (worn)
Jewellery
 l - a +6 ring of strength (left hand)
Wands
 s - a wand of flame (14)
Scrolls
 c - a scroll of amnesia
 f - a scroll of torment
 o - 2 scrolls of identify
 p - a scroll of enchant weapon
 q - 2 scrolls of enchant armour
Potions
 e - a potion of brilliance {unknown}
 g - 4 potions of heal wounds {unknown}
 h - 7 potions of curing {unknown}
 j - a potion of attraction {unknown}
 k - a potion of resistance {unknown}
 n - a potion of haste {unknown}


   Skills:
 + Level 6.7 Fighting
 + Level 6.7 Axes
 + Level 6.1 Armour
 + Level 5.6 Dodging


You had 7 spell levels left.
You didn't know any spells.
Your spell library was empty.

Dungeon Overview and Level Annotations

Branches:
Dungeon (6/15)
 Temple: D:4-7

Altars:
Ashenzari
Dithmenos
Makhleb
Vehumet
The Shining One

Shops:
D:4 (


Innate Abilities, Weirdness & Mutations

You have a pair of horns on your head.
You reflexively headbutt those who attack you in melee.


Message History

The orc priest is severely wounded.
The orc priest closely misses you. You furiously retaliate!
You headbutt the orc priest!
You kill the orc priest!
Trog accepts your kill.
The orc priest hits you but does no damage.
The orc barely misses you.
Things that are here:
a +0 short sword; a +0 ring mail; an orc corpse You hit the orc priest.
The orc priest is poisoned.
You punch the orc priest, but do no damage.
The orc priest is lightly wounded.
The orc priest mumbles some strange prayers to Beogh against you.
Beogh smites you!
The orc hits you from afar with a +0 trident.
You closely miss the orc priest. You headbutt the orc priest.
The orc priest is heavily wounded.
The orc priest mumbles some strange prayers to Beogh against you.
Beogh smites you!
* * * LOW HITPOINT WARNING * * *
The orc completely misses you.
You barely miss the orc priest.
The orc priest is heavily wounded.
The orc priest hits you but does no damage.
The orc hits you but does no damage.
You closely miss the orc priest. Your headbutt misses the orc priest.
The orc priest is severely wounded.
The orc priest mumbles some strange prayers to Beogh against you.
Beogh smites you!
* * * LOW HITPOINT WARNING * * *
The orc barely misses you.
You hit the orc priest.
You kill the orc priest!
Trog accepts your kill.
An orc priest comes into view.
It is wielding a +0 hand axe and wearing a +0 leather armour of cold resistance.
The orc hits you but does no damage.
Your skin crawls.
You feel strong-willed.
The orc hits you from afar with a +0 trident.
You die...

..###
#.#..
#.#.#
#.#.#
.o#.#
#o#.#
#)#<#
#@#.#
#.#.#
#.#.#
#.#.#
#...#
###.#
#.#
#)#
#.#


You could see an orc priest and an orc.

Vanquished Creatures
  A phantom (D:5)
  2 necrophages
  3 scorpions (D:5)
  4 orc priests
  2 hounds
  A jelly (D:4)
  A gnoll bouda (D:5)
  Crazy Yiuf (D:3)
  2 iguanas (D:4)
  Natasha (thrice) (D:3)
  3 orc wizards
  6 adders
  5 gnolls (D:5)
  2 worms
  2 dart slugs
  4 orcs
  12 ball pythons
  7 bats
  9 endoplasms
  4 giant cockroaches
  A goblin (D:2)
  5 hobgoblins
  13 jackals
  6 kobolds
  3 quokkas
  3 frilled lizards
  7 rats
112 creatures vanquished.

Vanquished Creatures (others)
  An orc wizard (D:5)
  3 plants (D:3)
4 creatures vanquished.

Grand Total: 116 creatures vanquished

Notes
Turn   | Place    | Note
-------+----------+-------------------------------------------
     0 | D:1      | AlexRAT the Minotaur Berserker began the quest for the Orb.
     0 | D:1      | Reached XP level 1. HP: 19/19 MP: 0/0
   179 | D:1      | Reached XP level 2. HP: 26/27 MP: 1/1
   345 | D:1      | Reached ** piety under Trog
   350 | D:1      | Reached XP level 3. HP: 23/33 MP: 2/2
   932 | D:2      | You fall into a shaft and drop 2 floors!
   956 | D:4      | Noticed a necrophage
   968 | D:4      | Killed a necrophage
   969 | D:4      | Reached XP level 4. HP: 41/41 MP: 3/3
  1050 | D:4      | Reached XP level 5. HP: 36/47 MP: 4/4
  1193 | D:4      | Found Retuveud's Antique Weapon Emporium.
  1332 | D:3      | Noticed Natasha
  1337 | D:3      | Killed Natasha
  1338 | D:3      | Reached skill level 5 in Axes
  1374 | D:2      | Found a radiant altar of Vehumet.
  1527 | D:2      | Reached skill level 5 in Fighting
  2029 | D:3      | Found a broken altar of Ashenzari.
  2089 | D:3      | Found a shadowy altar of Dithmenos.
  2200 | D:3      | Reached XP level 6. HP: 56/56 MP: 5/5
  2291 | D:3      | Noticed Natasha
  2300 | D:3      | Killed Natasha
  2316 | D:3      | Noticed Natasha
  2322 | D:3      | Killed Natasha
  2380 | D:3      | Found a runed translucent door.
  2381 | D:3      | Noticed Crazy Yiuf
  2390 | D:3      | Killed Crazy Yiuf
  2662 | D:3      | Found a faded altar of an unknown god.
  2996 | D:4      | Reached *** piety under Trog
  3416 | D:4      | Found a glowing golden altar of the Shining One.
  3514 | D:4      | Found a burning altar of Makhleb.
  3747 | D:4      | Found Luezouhi's Weapon Shoppe.
  3891 | D:5      | Entered Level 5 of the Dungeon
  3909 | D:5      | Reached skill level 5 in Armour
  3909 | D:5      | Reached XP level 7. HP: 55/62 MP: 6/6
  4120 | D:5      | Reached skill level 5 in Dodging
  4872 | D:5      | Reached XP level 8. HP: 58/71 MP: 7/7
  5191 | D:6      | Slain by an orc

Illustrated notes

Levels and vault maps discovered:
D:1:      wander_arrival_peaceful_grave, layout_rooms, serial_corexii_hall,
          corexii_hall_statues_l, corexii_hall_statues_u
D:2:      layout_loops_cross, basic_altar
D:3:      layout_loops_cross, nicolae_dithmenos_shadow_blocks,
          mainiacjoe_overflow_cross_hatched, basic_ecumenical_altar,
          guppyfry_early_lair_pool, uniq_crazy_yiuf_cottage, uniq_natasha
D:4:      layout_layer_cave, kennysheep_little_box,
          lemuel_coloured_pillars_altar, serial_shops, shop,
          nicolae_shop_advertising_works [nicolae_subvault_shop_adworks]
D:5:      layout_loops_ring, grunt_decor_mini_mirrors
D:6:      layout_loops_ring, enter_ossuary_4, amethyst_killhole, uniq_grinder

Skill      XL: |  1  2  3  4  5  6  7 |
---------------+----------------------+-----
Fighting       | 4 5 6 |  6.7
Axes           | 4 5 6 |  6.7
Armour         | 3 4 5 6 |  6.1
Dodging        | 3 4 5 |  5.6

Action                   |  1- 3 |  4- 6 |  7- 9 || total
-------------------------+-------+-------+-------++-------
Melee: Hand axe          |    39 |       |       ||    39
       Headbutt          |    10 |    20 |    14 ||    44
       Whip              |    42 |   128 |    62 ||   232
       Punch             |       |     2 |     2 ||     4
Invok: Berserk           |     1 |     2 |     1 ||     4
       Trog's Hand       |       |       |     1 ||     1
  Use: Scroll            |       |     6 |     2 ||     8
Armor: Animal skin       |     5 |       |       ||     5
       Ring mail         |    21 |    42 |    16 ||    79
Dodge: Dodged            |    61 |    73 |    30 ||   164
